 Dungeon Crawl Stone Soup version 0.13-a0-2537-g1f6edf4 (console) character file.

450 Chozo the Chiller (level 5, -3/35 HPs)
             Began as a Mummy Ice Elementalist on July 27, 2013.
             Was a Follower of Sif Muna.
             Slain by a hungry ghost (5 damage)
             ... on Level 4 of the Dungeon.
             The game lasted 00:13:50 (4268 turns).

Chozo the Chiller (Mummy Ice Elementalist)          Turns: 4268, Time: 00:13:50

HP  -3/35        AC  7     Str 11      XL: 5   Next: 89%
MP   4/11        EV 12     Int 15      God: Sif Muna [*.....]
Gold 198         SH  0     Dex 12      Spells:  3 memorised,  5 levels left

Res.Fire  : x . .   See Invis. : .   d - +0 short sword
Res.Cold  : + . .   Warding    : .   a - +0 robe
Life Prot.: + + +   Conserve   : .   (no shield)
Res.Poison: +       Res.Corr.  : .   (no helmet)
Res.Elec. : .       Clarity    : .   (no cloak)
Sust.Abil.: . .     Spirit.Shd : .   (no gloves)
Res.Mut.  : .       Stasis     : .   (no boots)
Res.Rott. : +       Flight     : .   (no amulet)
Saprovore : . . .                    (no ring)
                                     (no ring)

@: icy armour, very slightly contaminated, slightly resistant to hostile
enchantments, unstealthy
A: no food or potions, fire vulnerability, restore body, cold resistance 1, life
protection 3, poison resistance, torment resistance, unbreathing
a: Channel Energy, Renounce Religion


You were on level 4 of the Dungeon.
You worshipped Sif Muna.
Sif Muna was pleased with you.
You were not hungry.

You visited 1 branch of the dungeon, and saw 4 of its levels.

You collected 178 gold pieces.

Inventory:

Hand weapons
 d - a +0,+0 short sword (weapon)
Armour
 a - a +0 robe (worn)
Scrolls
 e - a scroll of remove curse {unknown}
 g - a scroll of identify
Jewellery
 f - an uncursed amulet of faith
Books
 b - a book of Frost

   Spells                             Type                      Level
   *Freeze                            Ice                          1
   *Throw Frost                       Conjuration/Ice              2
   *Ozocubu's Armour                  Charms/Ice                   3
   Throw Icicle                       Conjuration/Ice              4
   Summon Ice Beast                   Ice/Summoning                4
   Condensation Shield                Ice                          4


   Skills:
 - Level 1.0 Fighting
 - Level 1.5 Dodging
 - Level 1.5 Stealth
 + Level 3.5 Spellcasting
 + Level 1.2 Conjurations
 * Level 0.5 Charms
 + Level 4.0 Ice Magic


You had 5 spell levels left.
You knew the following spells:

 Your Spells              Type           Power        Failure   Level  Hunger
a - Freeze                Ice            ##..         4%          1    N/A
b - Throw Frost           Conj/Ice       ##....       12%         2    N/A
c - Ozocubu's Armour      Chrm/Ice       #.........   24%         3    N/A

Dungeon Overview and Level Annotations

Branches:
Dungeon (4/27)
 Temple: D:4-7

Altars:
Elyvilon
Makhleb
Sif Muna
Zin
the Shining One


Innate Abilities, Weirdness & Mutations

You do not eat or drink.
Your flesh is vulnerable to fire.
Your flesh is cold resistant.
You are immune to negative energy.
Your system is resistant to poisons.
You are immune to unholy pain and torment.
You can survive without breathing.


Message History

The hungry ghost barely misses you.
You hit the hungry ghost.
The hungry ghost is severely damaged.
The hungry ghost hits you but does no damage.
The hungry ghost hits you.
* * * LOW HITPOINT WARNING * * *
Read which item? (? for menu, Esc to quit)
As you read the scroll labeled CLAORGH HIETAAW, it crumbles to dust.
Nothing appears to happen.
The hungry ghost barely misses you.
Read which item? (? for menu, Esc to quit)
As you read the scroll labeled BLECITHR CLIKH, it crumbles to dust.
Use on which item? (\ to view known items) (? for menu, Esc to quit)
f - an uncursed amulet of faith It was a scroll of identify.
The hungry ghost hits you but does no damage.
Read which item? (? for menu, Esc to quit)
As you read the scroll labeled KULOUP ACSUPHUBA, it crumbles to dust.
You experience a momentary feeling of inescapable doom!
It was a scroll of random uselessness.
The hungry ghost hits you.
You die...

.#.## ..#...##
.....##.##
..........##
............##
..............#
...........[..<###
............(.[..<#
#..........[.[p@.<##
...........).)).#.##
............)...###
................#
..........)...###
............###
.............#
............##
.......####%.##


You could see a hungry ghost.

Vanquished Creatures
  A hound (D:4)
  2 orc wizards
  Jessica (D:3)
  A hound skeleton (D:4)
  4 adders
  An inept feature mimic (D:3)
  An inept item mimic (D:4)
  2 worms
  2 giant geckos
  8 orcs
  4 giant cockroaches
  7 goblins (D:2)
  8 hobgoblins
  2 jackals (D:2)
  6 kobolds
  2 ball pythons
  10 bats
  3 giant newts
  9 rats
74 creatures vanquished.

Notes
Turn   | Place    | Note
--------------------------------------------------------------
     0 | D:1      | Chozo, the Mummy Ice Elementalist, began the quest for the Orb.
     0 | D:1      | Reached XP level 1. HP: 13/13 MP: 3/3
   316 | D:1      | Reached XP level 2. HP: 10/19 MP: 1/4
   707 | D:2      | Learned a level 2 spell: Throw Frost
   852 | D:2      | Reached skill level 3 in Ice Magic
  1254 | D:2      | Reached skill level 1 in Fighting
  1254 | D:2      | Reached XP level 3. HP: 22/24 MP: 6/6
  1330 | D:2      | Found a deep blue altar of Sif Muna.
  1338 | D:2      | Became a worshipper of Sif Muna the Loreminder
  2311 | D:3      | Found a glowing silver altar of Zin.
  2313 | D:3      | Found a glowing golden altar of the Shining One.
  2315 | D:3      | Found a white marble altar of Elyvilon.
  2488 | D:3      | Reached skill level 1 in Conjurations
  2488 | D:3      | Reached XP level 4. HP: 22/30 MP: 2/8
  2552 | D:3      | Learned a level 3 spell: Ozocubu's Armour
  2685 | D:3      | Noticed Jessica
  2691 | D:3      | Killed Jessica
  3697 | D:3      | Reached XP level 5. HP: 30/35 MP: 0/10
  4014 | D:4      | Found a burning altar of Makhleb.
  4059 | D:4      | Acquired Sif Muna's first power
  4077 | D:4      | Reached skill level 4 in Ice Magic
  4202 | D:4      | Noticed a hungry ghost
  4265 | D:4      | HP: 1/35 [hungry ghost (4)]
  4268 | D:4      | Slain by a hungry ghost

Action                   |  1- 3 |  4- 6 || total
-------------------------+-------+-------++-------
Melee: Short sword       |    71 |    86 ||   157
 Cast: Freeze            |    52 |    33 ||    85
       Throw Frost       |    12 |    32 ||    44
       Ozocubu's Armour  |       |     5 ||     5
Invok: Channel Energy    |       |     4 ||     4
  Use: Scroll            |       |     3 ||     3
 Stab: Sleeping          |       |     1 ||     1
